AoeStats
← Vortigern

Arena

510340175Analyzed
1v1 RM · 15h ago on Sep 30, 2026· 20m 43s· 2 players
Game mode
Random Map
Map size
Tiny (2 player)
Population
200
Speed
Normal
Resources
Standard
Victory
Conquest
Starting age
Dark Age
Ending age
Imperial Age
RankedLock teamsTeams togetherTeam positionsShared explorationLock speedFull tech treeHidden civsTurbo modeCheats
Victory
Defeat
🇨🇦 Khmer · Canada
980
+15
🇺🇸 Britons · United States
955
-44
Vortigern
2:59 Loom
10:44 Feudal Age
11:30 Double-Bit Axe
11:34 Horse Collar
12:07 Town Watch
13:56 Wheelbarrow
Ergoteur
11:01 Feudal Age
13:55 Castle Age
12:12 Double-Bit Axe
Connection lost

Rejoining the realm…

Still unreachable

The connection could not be restored.

Session expired

The server has moved on; the page needs a fresh start.